[Event "ONJK-A 2019"]
[Site "Borne"]
[Date "2019.08.09"]
[Round "8.11"]
[White "Vleming, Stefan"]
[Black "Nies, Levi"]
[Result "1-0"]
[ECO "E12"]
[WhiteElo "1760"]
[BlackElo "1516"]
[Annotator "NA"]
[PlyCount "87"]
[EventDate "2019.08.05"]
[EventType "swiss"]
[EventCountry "NED"]
[SourceTitle "playchess.com"]
[Source "ChessBase"]
[SourceQuality "1"]
[TimeControl "5400+30"]

1. d4 d5 2. c4 e6 3. Nc3 Nf6 4. Bg5 Be7 5. e3 b6 6. Nf3 Bb7 7. cxd5 Nxd5 8. Bxe7 Nxe7 9. Bd3 Nbc6 10. O-O O-O 11. Rc1 Ng6 12. a3 Qe7 13. b4 Rad8 14. Qe2 e5 15. Bxg6 exd4 16. Bxh7+ Kxh7 17. exd4 Qxe2 18. Nxe2 Rfe8 19. Rfe1 Rd7 20. b5 Na5 21. Ng5+ Kh6 22. h4 Nb3 23. Rb1 Nxd4 24. Nxf7+ Rxf7 25. Nxd4 Rxe1+ 26. Rxe1 Rf4 27. Rd1 Bc8 28. g3 Rf7 29. Nc6 a6 30. a4 Kh5 31. Ne5 Rf6 32. Rc1 Re6 33. Nd3 Re7 34. Nf4+ Kg4 35. Nd5 Re4 36. Rxc7 Bf5 37. Rxg7+ Kf3 38. Rf7 Re1+ 39. Kh2 Ke4 40. Re7+ Kxd5 41. Rxe1 axb5 42. axb5 Bd3 43. Rd1 Kc4 44. Rxd3 {Kd5} 1-0

[Event "ONJK-A 2019"]
[Site "Borne"]
[Date "2019.08.09"]
[Round "8.12"]
[White "Hofstra, Tijmen"]
[Black "Lettko, Michael"]
[Result "1/2-1/2"]
[ECO "B11"]
[WhiteElo "1732"]
[BlackElo "1386"]
[Annotator "NA"]
[PlyCount "43"]
[EventDate "2019.08.05"]
[EventType "swiss"]
[EventCountry "NED"]
[SourceTitle "playchess.com"]
[Source "ChessBase"]
[SourceQuality "1"]
[TimeControl "5400+30"]

1. e4 c6 2. Nc3 d5 3. Nf3 Bg4 4. exd5 cxd5 5. Bb5+ Nc6 6. h3 Bxf3 7. Qxf3 e6 8. d3 Nge7 9. Bg5 Qc7 10. O-O a6 11. Bxc6+ Nxc6 12. Rfe1 Nd4 13. Qxd5 Nxc2 14. Rxe6+ fxe6 15. Qxe6+ Be7 16. Nd5 Qd7 17. Qe2 Nxa1 18. Nxe7 Kf7 19. Qf3+ Ke8 20. Qe4 Kf7 21. Qf3+ Ke8 22. Qe4 1/2-1/2

[Event "ONJK-A 2019"]
[Site "Borne"]
[Date "2019.08.10"]
[Round "9.2"]
[White "Noordenbos, Daan"]
[Black "Hilwerda, Jonas"]
[Result "1/2-1/2"]
[ECO "C54"]
[WhiteElo "2042"]
[BlackElo "2263"]
[Annotator "NA"]
[PlyCount "76"]
[EventDate "2019.08.05"]
[EventType "swiss"]
[EventCountry "NED"]
[SourceTitle "playchess.com"]
[Source "ChessBase"]
[SourceQuality "1"]
[TimeControl "5400+30"]

1. e4 e5 2. Nf3 Nc6 3. Bc4 Nf6 4. d3 Bc5 5. Bb3 d6 6. c3 O-O 7. Nbd2 a6 8. Nf1 Ng4 9. Ne3 Nxe3 10. Bxe3 Bxe3 11. fxe3 Qf6 12. Qe2 Qh6 13. O-O Kh8 14. Nd2 f6 15. Rf2 g6 16. Raf1 Qg5 17. d4 Bg4 18. Qd3 Rad8 19. Bd5 Bd7 20. Kh1 Rb8 21. Nf3 Qh6 22. Ng1 Qg7 23. Ne2 Ne7 24. Bb3 Rbd8 25. Qd2 Bc6 26. Ng3 h5 27. h4 Bb5 28. Rd1 Bd7 29. Kh2 Bg4 30. Rdf1 f5 31. exf5 gxf5 32. Kg1 Qh6 33. Bc2 Qf6 34. Ne4 Qh6 35. Ng3 Qg7 36. Bb3 Qf6 37. Bd1 Qg7 38. Bb3 Qf6 1/2-1/2

[Event "ONJK-A 2019"]
[Site "Borne"]
[Date "2019.08.10"]
[Round "9.3"]
[White "Klaren, Duncan"]
[Black "Van Malder, Dries"]
[Result "0-1"]
[ECO "B66"]
[WhiteElo "1964"]
[BlackElo "2178"]
[Annotator "NA"]
[PlyCount "62"]
[EventDate "2019.08.05"]
[EventType "swiss"]
[EventCountry "NED"]
[SourceTitle "playchess.com"]
[Source "ChessBase"]
[SourceQuality "1"]
[TimeControl "5400+30"]

1. e4 c5 2. Nf3 Nc6 3. d4 cxd4 4. Nxd4 Nf6 5. Nc3 d6 6. Bg5 e6 7. Qd2 a6 8. O-O-O h6 9. Bxf6 Qxf6 10. Kb1 Nxd4 11. Qxd4 Qxd4 12. Rxd4 Bd7 13. Be2 O-O-O 14. Rhd1 Be7 15. f4 g6 16. g4 Bc6 17. f5 Bf6 18. Rxd6 Rxd6 19. Rxd6 Be5 20. Rd3 Bxh2 21. Rh3 Be5 22. Bc4 Kd7 23. Rd3+ Ke7 24. fxe6 fxe6 25. Ne2 b5 26. Bb3 h5 27. gxh5 gxh5 28. Rh3 h4 29. Ng1 Rf8 30. Nf3 Bxe4 31. Nd2 Bg3 0-1

[Event "ONJK-A 2019"]
[Site "Borne"]
[Date "2019.08.10"]
[Round "9.4"]
[White "Ypma, Jord"]
[Black "De Bock, Thijs"]
[Result "0-1"]
[ECO "D44"]
[WhiteElo "1984"]
[BlackElo "1870"]
[Annotator "NA"]
[PlyCount "76"]
[EventDate "2019.08.05"]
[EventType "swiss"]
[EventCountry "NED"]
[SourceTitle "playchess.com"]
[Source "ChessBase"]
[SourceQuality "1"]
[TimeControl "5400+30"]

1. d4 d5 2. c4 c6 3. Nf3 Nf6 4. Nc3 e6 5. Bg5 dxc4 6. e4 b5 7. e5 h6 8. Bh4 g5 9. Nxg5 hxg5 10. Bxg5 Nbd7 11. g3 Bb7 12. Bg2 Qb6 13. exf6 c5 14. d5 O-O-O 15. O-O b4 16. Na4 Qb5 17. a3 Nb8 18. axb4 cxb4 19. Qg4 Bxd5 20. Bxd5 Rxd5 21. Be3 Nc6 22. Rfc1 Ne5 23. Qe2 Qc6 24. h4 Rd3 25. Rxc4 Nxc4 26. Qxd3 Ne5 27. Qe2 Nf3+ 28. Kf1 Nd4 29. Rc1 Qxc1+ 30. Bxc1 Nxe2 31. Kxe2 Bh6 32. Bg5 Bxg5 33. hxg5 Rd8 34. Nc5 Rd5 35. Ne4 Kc7 36. g4 a5 37. g6 fxg6 38. Nc5 Kd6 0-1

[Event "ONJK-A 2019"]
[Site "Borne"]
[Date "2019.08.10"]
[Round "9.5"]
[White "Boudry, William"]
[Black "Baselmans, Sam"]
[Result "0-1"]
[ECO "E70"]
[WhiteElo "2033"]
[BlackElo "2064"]
[Annotator "NA"]
[PlyCount "116"]
[EventDate "2019.08.05"]
[EventType "swiss"]
[EventCountry "NED"]
[SourceTitle "playchess.com"]
[Source "ChessBase"]
[SourceQuality "1"]
[TimeControl "5400+30"]

1. d4 Nf6 2. c4 g6 3. Nc3 Bg7 4. e4 d6 5. Bd3 O-O 6. Nge2 Nc6 7. O-O e5 8. d5 Ne7 9. Rb1 Nh5 10. b4 f5 11. exf5 gxf5 12. f3 Rf7 13. Qc2 Bf8 14. Bg5 Rg7 15. Bxe7 Qxe7 16. Bxf5 Qg5 17. Bg4 Bxg4 18. fxg4 Qe3+ 19. Kh1 Rxg4 20. Qf5 Qg5 21. Qf7+ Kh8 22. Rf5 Qg6 23. Rbf1 Nf4 24. Nxf4 Rxf4 25. R1xf4 exf4 26. Qxg6 hxg6 27. Rxf4 Re8 28. Re4 Rc8 29. g3 Bg7 30. Nb5 a6 31. Nd4 Be5 32. c5 Kg7 33. Kg2 Kf6 34. Nf3 Rd8 35. Kf2 Bc3 36. Rc4 Be5 37. c6 b5 38. Re4 Ra8 39. Ke3 a5 40. Nxe5 dxe5 41. h4 a4 42. g4 Rh8 43. g5+ Kf5 44. Kf3 Rd8 45. h5 gxh5 46. g6 Rxd5 47. g7 Rd8 48. Rh4 Kg5 49. Rh2 Rg8 50. Ke4 Rxg7 51. Kxe5 Re7+ 52. Kd5 h4 53. Kc5 Re5+ 54. Kd4 Rf5 55. Rg2+ Kf6 56. Ke4 h3 57. Rh2 Rh5 58. Kf4 Ke6 {[%emt 0:00:13] Ke5+ Kxe5} 0-1

[Event "ONJK-A 2019"]
[Site "Borne"]
[Date "2019.08.10"]
[Round "9.6"]
[White "Van Roon, Sjoerd"]
[Black "Hempler, Poul"]
[Result "1-0"]
[ECO "B18"]
[WhiteElo "2072"]
[BlackElo "1809"]
[Annotator "NA"]
[PlyCount "27"]
[EventDate "2019.08.05"]
[EventType "swiss"]
[EventCountry "NED"]
[SourceTitle "playchess.com"]
[Source "ChessBase"]
[SourceQuality "1"]
[TimeControl "5400+30"]

1. e4 c6 2. d4 d5 3. Nc3 dxe4 4. Nxe4 Bf5 5. Ng3 Bg6 6. Nh3 h6 7. Nf4 Bh7 8. Bc4 e6 9. O-O Nf6 10. Re1 Nd5 11. Qh5 Nxf4 12. Bxf4 Bg6 13. Rxe6+ Kd7 14. Rxg6 1-0

[Event "ONJK-A 2019"]
[Site "Borne"]
[Date "2019.08.10"]
[Round "9.7"]
[White "Shakhverdian, William"]
[Black "Godde, Matthias"]
[Result "1-0"]
[ECO "E73"]
[WhiteElo "2045"]
[BlackElo "1989"]
[Annotator "NA"]
[PlyCount "101"]
[EventDate "2019.08.05"]
[EventType "swiss"]
[EventCountry "NED"]
[SourceTitle "playchess.com"]
[Source "ChessBase"]
[SourceQuality "1"]
[TimeControl "5400+30"]

1. d4 Nf6 2. c4 g6 3. Nc3 Bg7 4. e4 d6 5. Be2 O-O 6. Bg5 h6 7. Be3 e5 8. d5 Nbd7 9. g4 Nc5 10. f3 a5 11. Qd2 Kh7 12. h4 Ne8 13. h5 g5 14. Nh3 Bf6 15. O-O Bd7 16. Nf2 Be7 17. Nh1 Ng7 18. Ng3 a4 19. Rab1 b6 20. Rfc1 Ra7 21. b4 axb3 22. axb3 Ra3 23. Bd1 Qa8 24. b4 Nb7 25. Nb5 Bxb5 26. cxb5 Rc8 27. Bb3 Qa7 28. Qb2 Bd8 29. Nf1 Ra8 30. Nd2 Qb8 31. Nc4 R3a7 32. Kg2 f6 33. Kg3 Kh8 34. Bd2 Kh7 35. Ne3 Kh8 36. Qc2 Kg8 37. Qc6 Qc8 38. Nf5 Nxf5+ 39. exf5 Kf8 40. Be3 Ke7 41. Bxb6 cxb6 42. Qxc8 Rxc8 43. Rxc8 Kd7 44. Rbc1 Ra3 45. Rb8 Ra7 46. Kf2 Ke7 47. Ke2 Kd7 48. Kd2 Ke7 49. Kc2 Kd7 50. Kb2 Ke7 51. Ra1 1-0

[Event "ONJK-A 2019"]
[Site "Borne"]
[Date "2019.08.10"]
[Round "9.8"]
[White "Merkon, Oseb"]
[Black "De Vries, Tobias"]
[Result "0-1"]
[ECO "D85"]
[WhiteElo "2013"]
[BlackElo "1868"]
[Annotator "NA"]
[PlyCount "90"]
[EventDate "2019.08.05"]
[EventType "swiss"]
[EventCountry "NED"]
[SourceTitle "playchess.com"]
[Source "ChessBase"]
[SourceQuality "1"]
[TimeControl "5400+30"]

1. c4 Nf6 2. Nc3 d5 3. cxd5 Nxd5 4. d4 g6 5. e4 Nxc3 6. bxc3 Bg7 7. Bc4 O-O 8. Nf3 c5 9. O-O Nc6 10. Bb2 cxd4 11. Nxd4 Na5 12. Be2 b6 13. Qc2 Bb7 14. Nb3 Nc6 15. Rfd1 Qc7 16. Rac1 Bh6 17. Nd2 Rfd8 18. c4 Nd4 19. Bxd4 Rxd4 20. Bf3 Rc8 21. Nb3 Rxd1+ 22. Rxd1 Bf4 23. h3 Ba6 24. Be2 h5 25. g3 Be5 26. f4 Bd6 27. e5 Bc5+ 28. Kh2 Bb7 29. e6 Qc6 30. exf7+ Kxf7 31. Bd3 h4 32. gxh4 Be3 33. Rf1 Rd8 34. Nc1 Bxc1 35. Bxg6+ Qxg6 36. Rxc1 Be4 37. Qf2 Rg8 38. Rg1 Qxg1+ 39. Qxg1 Rxg1 40. Kxg1 Bd3 41. c5 bxc5 42. Kf2 Kg6 43. Ke3 c4 44. Kd4 Kh5 45. f5 Kxh4 0-1

[Event "ONJK-A 2019"]
[Site "Borne"]
[Date "2019.08.10"]
[Round "9.9"]
[White "Vitharana, Annelies"]
[Black "Albers, Sasa"]
[Result "0-1"]
[ECO "B12"]
[WhiteElo "1768"]
[BlackElo "1889"]
[Annotator "NA"]
[PlyCount "76"]
[EventDate "2019.08.05"]
[EventType "swiss"]
[EventCountry "NED"]
[SourceTitle "playchess.com"]
[Source "ChessBase"]
[SourceQuality "1"]
[TimeControl "5400+30"]

1. e4 c6 2. d4 d5 3. e5 c5 4. c3 Nc6 5. Nf3 cxd4 6. cxd4 Bg4 7. Be2 e6 8. Be3 Nge7 9. Nbd2 Nf5 10. Nb3 Bxf3 11. Bxf3 Bb4+ 12. Bd2 Qb6 13. O-O Bxd2 14. Qxd2 Nfxd4 15. Bd1 O-O 16. Re1 Rac8 17. Re3 Nf5 18. Re1 Qb4 19. Qe2 Ncd4 20. Nxd4 Nxd4 21. Qe3 Qxb2 22. Ba4 Qb4 23. Bb3 Rc3 24. Qg5 Rxb3 25. axb3 Nc2 26. Rec1 Nxa1 27. Rxa1 Qxb3 28. h3 a6 29. Rc1 d4 30. Qd2 d3 31. Rc3 Qb1+ 32. Rc1 Qb5 33. f4 h6 34. Rc3 Rd8 35. g4 Qb6+ 36. Kg2 Qd4 37. Kf1 Qxc3 38. Qxc3 d2 0-1

[Event "ONJK-A 2019"]
[Site "Borne"]
[Date "2019.08.10"]
[Round "9.10"]
[White "Emans, Job"]
[Black "Vleming, Stefan"]
[Result "1-0"]
[ECO "A57"]
[WhiteElo "2089"]
[BlackElo "1760"]
[Annotator "NA"]
[PlyCount "73"]
[EventDate "2019.08.05"]
[EventType "swiss"]
[EventCountry "NED"]
[SourceTitle "playchess.com"]
[Source "ChessBase"]
[SourceQuality "1"]
[TimeControl "5400+30"]

1. d4 Nf6 2. c4 c5 3. d5 b5 4. cxb5 a6 5. b6 Qxb6 6. Nc3 g6 7. e4 d6 8. a4 Bg7 9. a5 Qc7 10. Nf3 O-O 11. Bc4 Bb7 12. O-O Nbd7 13. h3 Rae8 14. Qe2 Qc8 15. Bf4 Nb8 16. Rfe1 Qc7 17. Qd3 Rd8 18. Bh2 Rfe8 19. e5 Nfd7 20. Ng5 Bxe5 21. Bxe5 Nxe5 22. Rxe5 dxe5 23. Nxf7 Rd6 24. Nxd6 exd6 25. Ne4 Rf8 26. Ra3 Bc8 27. g4 Rf4 28. Rb3 h5 29. Ng5 Kg7 30. gxh5 Bf5 31. Ne6+ Bxe6 32. Qxg6+ Kf8 33. dxe6 Nc6 34. h6 Qe7 35. h7 Qg7 36. e7+ Nxe7 37. Rb8+ 1-0

[Event "ONJK-A 2019"]
[Site "Borne"]
[Date "2019.08.10"]
[Round "9.11"]
[White "Akulova, Alicia"]
[Black "Hofstra, Tijmen"]
[Result "1-0"]
[ECO "B40"]
[WhiteElo "1702"]
[BlackElo "1732"]
[Annotator "NA"]
[PlyCount "63"]
[EventDate "2019.08.05"]
[EventType "swiss"]
[EventCountry "NED"]
[SourceTitle "playchess.com"]
[Source "ChessBase"]
[SourceQuality "1"]
[TimeControl "5400+30"]

1. e4 c5 2. Nf3 e6 3. d4 cxd4 4. Nxd4 Bc5 5. Nb3 Bb6 6. c4 Ne7 7. Nc3 O-O 8. Be2 f5 9. c5 Bc7 10. O-O a6 11. f4 b6 12. e5 bxc5 13. Nxc5 Bb6 14. Qd6 Bc7 15. Qd3 Nbc6 16. a3 d6 17. exd6 Qxd6 18. Qxd6 Bxd6 19. Be3 Ng6 20. Rfd1 Bxf4 21. Bxf4 Nxf4 22. Bf3 Rb8 23. Bxc6 Rxb2 24. Nd3 Rb3 25. Nxf4 Rxc3 26. Rd6 Kf7 27. a4 Ke7 28. Rad1 Rc4 29. Nh5 g6 30. Rd7+ Bxd7 31. Rxd7+ Ke8 32. Ng7# 1-0

[Event "ONJK-A 2019"]
[Site "Borne"]
[Date "2019.08.10"]
[Round "9.12"]
[White "Nies, Levi"]
[Black "Butzen, Robin"]
[Result "0-1"]
[ECO "B23"]
[WhiteElo "1516"]
[BlackElo "1967"]
[Annotator "NA"]
[PlyCount "46"]
[EventDate "2019.08.05"]
[EventType "swiss"]
[EventCountry "NED"]
[SourceTitle "playchess.com"]
[Source "ChessBase"]
[SourceQuality "1"]
[TimeControl "5400+30"]

1. e4 c5 2. Nc3 a6 3. f4 b5 4. Nf3 Bb7 5. d3 e6 6. g3 d5 7. exd5 exd5 8. Bg2 Nf6 9. O-O Be7 10. f5 O-O 11. Bf4 d4 12. Ne2 Nbd7 13. h3 Nd5 14. Bd2 Bd6 15. Ng5 N7f6 16. Nf4 Ne3 17. Bxe3 Bxg2 18. Kxg2 dxe3 19. Qe2 Bxf4 20. Rxf4 Nd5 21. Rg4 h5 22. Nxf7 Rxf7 23. Rh4 Qxh4 0-1